 Dungeon Crawl Stone Soup version 0.29-a0-384-g6960b1960d (webtiles) character file.

Game seed: 10128643405925273525

876 geedmat the Magician (level 8, -6/58 HPs)
             Began as a Djinni Fire Elementalist on May 7, 2022.
             Mangled by a wight
             ... wielding a +3 mace
              (9 damage)
             ... on level 5 of the Dungeon.
             The game lasted 00:21:58 (6737 turns).

geedmat the Magician (Djinni Fire Elementalist)     Turns: 6737, Time: 00:21:58

Health: -6/58      AC:  5    Str:  7    XL:     8   Next: 25%
Gold:   274        EV: 12    Int: 18    God:
                   SH:  0    Dex: 15

rFire   + + .      SeeInvis .   b - +0 dagger (flame)
rCold   x . .      Faith    .   (no shield)
rNeg    . . .      Spirit   .   a - +0 robe
rPois   ∞          Reflect  .   k - +1 hat
rElec   .          Harm     .   h - +0 cloak
rCorr   .          Rampage  .   f - +0 pair of gloves
Will    +....                   (boots unavailable)
Stlth   ++........              (no amulet)
HPRegen 0.19/turn               c - ring of willpower
MPRegen 0.00/turn               (no ring)

@: flying
A: sickness immunity, fire resistance 2, cold vulnerability 1, float, innate
caster, HP casting, extra vitality 1
a: no special abilities


You were on level 5 of the Dungeon.
You visited 1 branch of the dungeon, and saw 5 of its levels.

You collected 274 gold pieces.

Inventory:

Hand Weapons
 b - a +0 dagger of flaming (weapon)
Armour
 a - a +0 robe (worn)
 f - a +0 pair of gloves (worn)
 h - a +0 cloak (worn)
 k - a +1 hat (worn)
Jewellery
 c - a ring of willpower (left hand)
 s - a +6 ring of strength
Wands
 m - a wand of acid (11)
 r - a wand of paralysis (10)
Scrolls
 g - 3 scrolls of identify
 o - 2 scrolls of blinking
 v - a scroll of summoning {unknown}
 w - 2 scrolls of teleportation
 x - a scroll of enchant armour {unknown}
Potions
 d - a potion of haste
 e - a potion of heal wounds
 i - a potion of mutation
 j - a potion of berserk rage {unknown}
 l - a potion of magic {unknown}
 n - a potion of resistance {unknown}
 p - a potion of degeneration {unknown}
 q - a potion of ambrosia {unknown}
 t - a potion of might
 u - a potion of lignification {unknown}


   Skills:
 + Level 4.3 Fighting
 - Level 2.1 Dodging
 - Level 1.5 Stealth
 * Level 6.2 Spellcasting


You couldn't memorise any spells.
You knew the following spells:

 Your Spells              Type           Power      Damage    Failure   Level
a - Foxfire               Conj/Fire      100%       2x1d9     1%          1
b - Scorch                Fire           56%        2d8       1%          2
c - Conjure Flame         Conj/Fire      28%        6-21      2%          3
d - Inner Flame           Hex/Fire       28%        N/A       2%          3
e - Flame Wave            Conj/Fire      28%        2d8       9%          4
f - Freeze                Ice            100%       1d11      1%          1
g - Corpse Rot            Necr/Air       56%        N/A       1%          2
h - Call Canine Familiar  Summ           28%        N/A       2%          3
Your spell library was empty.

Dungeon Overview and Level Annotations

Branches:
Dungeon (5/15)
 Temple: D:4-7

Altars:
Cheibriados
Gozag
Hepliaklqana
Zin
The Shining One


Innate Abilities, Weirdness & Mutations

You are immune to sickness and miasma.
You are immune to poison.
Your flesh is very heat resistant. (rF++)
You are vulnerable to cold. (rC-)
You float through the air rather than walking.
You learn spells naturally, not from books.
Your magical power is your life essence.
You have superior vitality. (+4 MHP)


Message History

The wight is no longer more vulnerable to fire.
The wight smothers the flame.
Casting: Conjure Flame (dangerous; 2% risk of failure)
Confirm with . or Enter, or press ? or * to list all spells.
You conjure some foxfire!
* * * LOW HITPOINT WARNING * * *
The wight is no longer more vulnerable to fire.
The wight closely misses you.
Casting: Foxfire (safe; 1% risk of failure)
Confirm with . or Enter, or press ? or * to list all spells.
Flames lash the wight.
The wight is severely damaged.
The wight's fire resistance burns away.
* * * LOW HITPOINT WARNING * * *
Casting: Scorch (safe; 1% risk of failure)
Confirm with . or Enter, or press ? or * to list all spells.
Flames lash the wight but do no damage.
* * * LOW HITPOINT WARNING * * *
Casting: Scorch (safe; 1% risk of failure)
Confirm with . or Enter, or press ? or * to list all spells.
Flames lash the wight.
You destroy the wight!
* * * LOW HITPOINT WARNING * * *
Your foxfire dissipates!
Casting: Scorch (safe; 1% risk of failure)
Confirm with . or Enter, or press ? or * to list all spells.
Flames lash the wight.
The wight is burned terribly!
The wight is almost destroyed.
* * * LOW HITPOINT WARNING * * *
The wight hits you but does no damage.
Casting: Scorch (safe; 1% risk of failure)
Confirm with . or Enter, or press ? or * to list all spells.
You don't have enough health to cast this spell.
Unknown command.
The wight is no longer more vulnerable to fire.
The wight attacks as you move away! The wight closely misses you.
The wight attacks as you move away! The wight hits you with a +3 mace.
* * * LOW HITPOINT WARNING * * *
The wight attacks as you move away! The wight hits you with a +3 mace!
You die...

####### ....'.#
###.#.##############
# #.#.>............#
###.##############.#
....#.....# #.#
###'#.###.# #.#
#...#
#.########.########
#####
#.......@z.zz.....#
###########.#####.#
#.# #.# #### ### #.#
#z# .... ..# #.# #z#
#### #.# #.#####.#
#.# #.......# #.#
#######.# ### #.#
###########
#.#######


You could see 3 wights.

Vanquished Creatures
  Grinder (D:4)
  A water moccasin (D:5)
  A centaur (D:5)
  A necrophage (D:4)
  A scorpion (D:5)
  2 wights (D:5)
  3 hounds
  An iguana (D:5)
  Robin (D:4)
  3 adders
  A worm (D:5)
  4 dart slugs
  7 orcs
  8 ball pythons
  6 bats
  3 endoplasms
  3 giant cockroaches
  17 goblins
  11 hobgoblins
  13 jackals
  9 kobolds
  2 quokkas (D:1)
  3 frilled lizards
  5 rats
107 creatures vanquished.

Vanquished Creatures (others)
  55 foxfires
  A plant (D:1)
56 creatures vanquished.

Grand Total: 163 creatures vanquished

Notes
Turn   | Place    | Note
-------+----------+-------------------------------------------
     0 | D:1      | geedmat the Djinni Fire Elementalist began the quest for
                  | the Orb.
     0 | D:1      | Reached XP level 1. HP: 15/15 MP: 0/0
   409 | D:1      | Reached XP level 2. HP: 6/21 MP: 0/0
   906 | D:1      | Reached skill level 3 in Spellcasting
  1141 | D:1      | You are sucked into a shaft and drop 1 floor!
  1296 | D:2      | Reached XP level 3. HP: 19/25 MP: 0/0
  1296 | D:2      | Learned a level 1 spell: Freeze
  1423 | D:2      | Found a glowing golden altar of the Shining One.
  2701 | D:2      | Reached XP level 4. HP: 27/31 MP: 0/0
  3402 | D:3      | Found a hazy altar of Hepliaklqana.
  3418 | D:3      | Found a snail-covered altar of Cheibriados.
  4126 | D:4      | Noticed a necrophage
  4297 | D:4      | Noticed Robin
  4298 | D:4      | Reached skill level 1 in Fighting
  4306 | D:4      | Killed Robin
  4307 | D:4      | Reached skill level 4 in Spellcasting
  4307 | D:4      | Reached XP level 5. HP: 25/37 MP: 0/0
  4307 | D:4      | Learned a level 2 spell: Corpse Rot
  4583 | D:4      | Reached XP level 6. HP: 38/43 MP: 0/0
  5104 | D:4      | Noticed Grinder
  5105 | D:4      | Paralysed by Grinder for 5 turns
  5127 | D:4      | Paralysed by Grinder for 3 turns
  5130 | D:4      | Killed Grinder
  5131 | D:4      | Reached skill level 5 in Spellcasting
  5131 | D:4      | Reached XP level 7. HP: 41/50 MP: 0/0
  5131 | D:4      | Learned a level 3 spell: Call Canine Familiar
  5461 | D:4      | Found an opulent altar of Gozag.
  5528 | D:5      | Entered Level 5 of the Dungeon
  5946 | D:5      | Noticed a water moccasin
  5957 | D:5      | Killed a water moccasin
  6340 | D:5      | Identified the +3 dagger "Lugiav" {venom, Str-3 Int+5 SInv}
  6345 | D:5      | Found a glowing silver altar of Zin.
  6360 | D:5      | Reached XP level 8. HP: 37/58 MP: 0/0
  6472 | D:5      | Reached skill level 6 in Spellcasting
  6736 | D:5      | HP: 2/58 [wight/+3 mace (3)]
  6737 | D:5      | Mangled by a wight

Illustrated notes

Levels and vault maps discovered:
D:1:      ncdulo_smallfort, layout_basic, serial_bayou_pond_b,
          minmay_pentomino_r2
D:2:      layout_rooms, basic_altar
D:3:      layout_loops_ring, mainiacjoe_overflow_big_doors
D:4:      layout_gridville, lemuel_coloured_pillars_altar, uniq_grinder,
          uniq_robin
D:5:      layout_loops_ring, zin_academy, minmay_misc_feat_encased,
          minmay_splitting_lines

Skill      XL: |  1  2  3  4  5  6  7  8 |
---------------+-------------------------+-----
Spellcasting   | 3 4 5 6 |  6.2
Fighting       | 1 2 3 4 |  4.3
Dodging        | |  2.1
Stealth        | |  1.5

Action                   |  1- 3 |  4- 6 |  7- 9 || total
-------------------------+-------+-------+-------++-------
Melee: Unarmed           |     5 |       |       ||     5
       Dagger            |    12 |     9 |       ||    21
       Punch             |     1 |     1 |       ||     2
 Cast: Foxfire           |    15 |    17 |     7 ||    39
       Scorch            |    32 |    46 |    38 ||   116
       Conjure Flame     |       |     2 |     2 ||     4
       Inner Flame       |       |       |     1 ||     1
  Use: Scroll            |     3 |     5 |     4 ||    12
Armor: Robe              |     8 |    12 |    11 ||    31
Dodge: Dodged            |    31 |    37 |    27 ||    95

Table legend: (Time is in decaauts)
 A = Elapsed time spent in this place.
 B = Non-inter-level travel time spent in this place.
 C = Inter-level travel time spent in this place.
 D = Time resting spent in this place.
 E = Time spent auto-exploring this place.
 F = Levels seen in this place.
 G = Mean time per level.
                   A        B        C        D        E       F      G
               +--------+--------+--------+--------+--------+-----+--------+
         Total |   6736 |   6558 |    178 |   2716 |   2795 |   5 | 1347.2 |
       Dungeon |   6736 |   6558 |    178 |   2716 |   2795 |   5 | 1347.2 |
               +--------+--------+--------+--------+--------+-----+--------+

Top non-repeatable levels by time:
     D:1: 2200 daAuts
     D:4: 1369 daAuts
     D:5: 1208 daAuts
     D:3: 1135 daAuts
     D:2: 823 daAuts
